 Dungeon Crawl Stone Soup version 0.29.1-13-g9f3cf754e1 (webtiles) character file.

Game seed: 3052710350840667017

57 javelincjr the Magician (level 4, 0/31 HPs)
             Began as a Djinni Hedge Wizard on Jan 24, 2023.
             Slain by a hobgoblin (3 damage)
             ... led by Robin
             ... on level 2 of the Dungeon.
             The game lasted 00:04:33 (1779 turns).

javelincjr the Magician (Djinni Hedge Wizard)       Turns: 1779, Time: 00:04:34

Health: 0/31       AC:  3    Str:  9    XL:     4   Next: 18%
Gold:   161        EV: 12    Int: 18    God:
                   SH:  3    Dex: 12

rFire   + + .      SeeInvis .   m - +0 dagger (drain)
rCold   x . .      Faith    .   e - +0 buckler
rNeg    . . .      Spirit   .   b - +0 robe
rPois   ∞          Reflect  .   (helmet currently unavailable)
rElec   .          Harm     .   (no cloak)
rCorr   .          Rampage  .   k - +0 pair of gloves
Will    .....                   (boots unavailable)
Stlth   ++........              (no amulet)
HPRegen 0.10/turn               (no ring)
MPRegen 0.00/turn               (no ring)

@: appendages, flying
A: horns 2, flying, sickness immunity, fire resistance 2, cold vulnerability 1,
float, innate caster, HP casting, extra vitality 1
a: End Transformation


You were on level 2 of the Dungeon.
You had temporarily grown beastly horns.
You visited 1 branch of the dungeon, and saw 2 of its levels.

You collected 161 gold pieces.

Inventory:

Hand Weapons
 m - a +0 dagger of draining (weapon)
 o - a +0 mace of protection
Missiles
 n - 6 silver javelins
Armour
 b - a +0 robe (worn)
 c - a +0 hat (melded)
 e - a +0 buckler (worn)
 k - a +0 pair of gloves (worn)
Magical Staves
 g - a staff of air
Scrolls
 a - a scroll of magic mapping {unknown}
 f - 4 scrolls of identify {unknown}
 l - a scroll of enchant armour {unknown}
Potions
 d - a potion of cancellation {unknown}
 h - a potion of degeneration {unknown}
 i - a potion of brilliance {unknown}
 j - a potion of berserk rage {unknown}
 p - 2 potions of curing {unknown}


   Skills:
 + Level 2.7 Dodging
 + Level 1.9 Stealth
 + Level 3.3 Spellcasting


You couldn't memorise any spells.
You knew the following spells:

 Your Spells              Type           Power      Damage    Failure   Level
a - Magic Dart            Conj           60%        1d6       5%          1
b - Blink                 Tloc           30%        N/A       9%          2
c - Call Imp              Summ           15%        N/A       9%          2
d - Slow                  Hex            60%        N/A       5%          1
e - Conjure Flame         Conj/Fire      15%        6-21      16%         3
f - Mephitic Cloud        Conj/Pois/Air  15%        N/A       16%         3
g - Beastly Appendage     Tmut           30%        N/A       5%          1
Your spell library was empty.

Dungeon Overview and Level Annotations

Branches:
Dungeon (2/15)

Altars:


Innate Abilities, Weirdness & Mutations

You have temporarily grown beastly horns.
You are flying.
You are immune to sickness and miasma.
You are immune to poison.
Your flesh is very heat resistant. (rF++)
You are vulnerable to cold. (rC-)
You float through the air rather than walking.
You learn spells naturally, not from books.
Your magical power is your life essence.
You have superior vitality. (+4 MHP)


Message History

Robin hits you but does no damage.
You hit Robin but do no damage. You drain Robin. You headbutt Robin.
Robin is severely wounded.
Robin hits you with a +0 dagger.
You barely miss Robin.
Robin is severely wounded.
Robin completely misses you.
You hit Robin. You drain Robin.
You kill Robin!
You have reached level 4!
You feel clever.
You barely miss the hobgoblin. The hobgoblin misses you.
You barely miss the hobgoblin. Your headbutt misses the hobgoblin.
The hobgoblin hits you but does no damage.
You hit the hobgoblin. You drain the hobgoblin.
You kill the hobgoblin!
You barely miss the hobgoblin. You headbutt the hobgoblin.
You kill the hobgoblin!
You hit the goblin. Your headbutt misses the goblin.
The goblin is moderately wounded.
The goblin hits you with a +0 club.
You closely miss the goblin.
The goblin is moderately wounded.
The goblin barely misses you.
You completely miss the goblin. You headbutt the goblin.
You kill the goblin!
You hit the hobgoblin but do no damage. The hobgoblin hits you.
* * * LOW HITPOINT WARNING * * *
You closely miss the hobgoblin.
The hobgoblin no longer looks unusually strong.
The hobgoblin hits you.
* * * LOW HITPOINT WARNING * * *
The hobgoblin closely misses you.
You hit the hobgoblin but do no damage. The hobgoblin misses you.
You closely miss the hobgoblin. The hobgoblin hits you.
* * * LOW HITPOINT WARNING * * *
You closely miss the hobgoblin. You headbutt the hobgoblin.
The hobgoblin is moderately wounded.
The hobgoblin hits you.
You die...

## #.# .# #.#
.#####.###
.........#
.#####.#.# .#
#.#.########
.#####..#...§)..#
...)...#.######g##
.######### #.#@#
.# #.###.# .# #.#
#.. .#### ## #.#
....# .# ###.# #
#.# #.# ###.#


You could see a hobgoblin.

Vanquished Creatures
  Robin (D:2)
  An adder (D:2)
  An endoplasm (D:1)
  A giant cockroach (D:1)
  6 goblins
  6 hobgoblins
  4 kobolds (D:1)
  2 quokkas (D:1)
  2 bats (D:1)
  5 frilled lizards
  8 rats
37 creatures vanquished.

Notes
Turn   | Place    | Note
-------+----------+-------------------------------------------
     0 | D:1      | javelincjr the Djinni Hedge Wizard began the quest for the
                  | Orb.
     0 | D:1      | javelincjr set off with the following spells memorised:
                  | Magic Dart, Blink, Call Imp, Slow, Conjure Flame, Mephitic
                  | Cloud.
     0 | D:1      | Reached XP level 1. HP: 15/15 MP: 0/0
   211 | D:1      | Reached XP level 2. HP: 7/21 MP: 0/0
   948 | D:1      | Reached skill level 3 in Spellcasting
   953 | D:1      | Reached XP level 3. HP: 11/25 MP: 0/0
   953 | D:1      | Learned a level 1 spell: Beastly Appendage
  1752 | D:2      | Noticed Robin
  1767 | D:2      | Killed Robin
  1768 | D:2      | Reached XP level 4. HP: 13/31 MP: 0/0
  1779 | D:2      | Slain by a hobgoblin

Illustrated notes

Levels and vault maps discovered:
D:1:      wheals_arrival_shading, layout_rooms, chequers_serial_rivers_room_b,
          supply_closet_lemuel
D:2:      layout_loops_ring, uniq_robin

Skill      XL: |  1  2 |
---------------+-------+-----
Spellcasting   | 3 |  3.3
Dodging        | |  2.7
Stealth        | |  1.9

Action                   |  1- 3 |  4- 6 || total
-------------------------+-------+-------++-------
Melee: Dagger            |    43 |    12 ||    55
       Headbutt          |     1 |     3 ||     4
 Cast: Magic Dart        |    50 |       ||    50
       Blink             |     1 |       ||     1
       Beastly Appendage |     1 |       ||     1
Armor: Robe              |     7 |     1 ||     8
Dodge: Dodged            |    27 |     4 ||    31
Block: Buckler           |     7 |       ||     7
